 Dungeon Crawl Stone Soup version 0.29.0-4-gdea44cf6ec (webtiles) character file.

Game seed: 17693063565118994156

196 qw the Chopper (level 5, -1/42 HPs)
             Began as a Ghoul Summoner on Sept 9, 2022.
             Killed from afar by an orc wizard (5 damage)
             ... with a magic dart
             ... on level 4 of the Dungeon.
             The game lasted 00:01:23 (4219 turns).

qw the Chopper (Ghoul Summoner)                     Turns: 4219, Time: 00:01:23

Health: -1/42      AC: 11    Str: 14    XL:     5   Next: 74%
Magic:  6/6        EV:  9    Int: 10    God:
Gold:   116        SH:  0    Dex:  9    Spells: 6/7 levels left

rFire   . . .      SeeInvis .   f - +0 hand axe
rCold   + . .      Faith    .   (no shield)
rNeg    + + +      Spirit   .   j - +0 scale mail
rPois   inf        Reflect  .   (no helmet)
rElec   .          Harm     .   (no cloak)
rCorr   .          Rampage  .   (no gloves)
Will    +....                   e - +0 pair of boots
Stlth   ..........              (no amulet)
HPRegen 0.00/turn               a - +4 ring of protection
MPRegen 0.10/turn               l - ring of willpower

@: confused, inhibited regen
A: claws 1, cold resistance 1, negative energy resistance 3, inhibited
regeneration, torment resistance 2, devour on kill
a: no special abilities


You were on level 4 of the Dungeon.
You visited 1 branch of the dungeon, and saw 4 of its levels.

You collected 116 gold pieces.


Innate Abilities, Weirdness & Mutations

You are immune to poison.
You have sharp fingernails.
Your flesh is cold resistant. (rC+)
You are immune to negative energy. (rN+++)
You do not regenerate when monsters are visible.
You are immune to unholy pain and torment.
You thrive by killing the living.


   Skills:
 - Level 2.7 Fighting
 - Level 4.0 Axes
 + Level 0.2 Armour
 - Level 1.7 Dodging
 - Level 2.1 Stealth
 - Level 1.7 Spellcasting
 - Level 3.6 Summonings


You had 6 spell levels left.
You knew the following spells:

 Your Spells              Type           Power      Damage    Failure   Level
a - Summon Small Mammal   Summ           32%        N/A       32%         1

Your spell library contained the following spells:

 Spells                   Type           Power      Damage    Failure   Level
 Call Imp                 Summ           8%         N/A       45%         2
 Call Canine Familiar     Summ           8%         N/A       69%         3
 Summon Guardian Golem    Hex/Summ       4%         N/A       91%         3
 Summon Lightning Spire   Summ/Air       4%         N/A       100%        4

Inventory:

Hand Weapons
 f - a +0 hand axe (weapon)
 o - a +0 whip
Armour
 e - a +0 pair of boots (worn)
 j - a +0 scale mail (worn)
Jewellery
 a - a +4 ring of protection (left claw)
 b - a ring of ice
 l - a ring of willpower (right claw)
Scrolls
 g - a scroll of teleportation
Potions
 c - a potion of lignification {unknown}
 d - a potion of haste {unknown}
 h - a potion of ambrosia {unknown}
 m - a potion of curing {unknown}
 n - a potion of flight {unknown}

Dungeon Overview and Level Annotations

Branches:
Dungeon (4/15)
 Temple: D:4-7

Altars:
Hepliaklqana


Message History

The orc's wounds heal themselves!
The orc barely misses you. Something hits you but does no damage.
You hit the orc.
You kill the orc!
You hit something but do no damage. You hit the orc. You miss something.
The orc hits you but does no damage. Something hits you but does no damage.
Something hits you!
You hit the orc.
You kill the orc!
You feel better.
You barely miss something. You hit something but do no damage.
Something hits you. Something hits you but does no damage.
You completely miss the orc priest. You hit something but do no damage.
You miss something.
Something hits you but does no damage. x2; The orc priest barely misses you.
You closely miss the orc priest. You miss something.
You closely miss something.
You hear some strange, mumbled words.
You are confused.
The orc priest closely misses you.
You hear some strange, mumbled words.
A magic dart appears from out of thin air!
The magic dart hits you! Something hits you.
The orc priest casts a cantrip, but nothing happens.
You miss something. You hit something but do no damage.
Something hits you but does no damage.
The orc priest looks satisfied for a moment.
Something hits you but does no damage.
You completely miss something. You hit something.
Something hits you but does no damage.
You hear some strange, mumbled words.
A magic dart appears from out of thin air!
The magic dart hits you but does no damage.
Something hits you.
You hear some strange, mumbled words.
A puff of flame appears from out of thin air!
The puff of flame misses you.
You hear some strange, mumbled words.
A magic dart appears from out of thin air!
The magic dart hits you.
You die...

#.#... .##. #.#..
.... ....# ##...
#.#.# .....
####...# ......
......#
.##...###....#####.
.......<##@{.......
.<.........o)......
#####.......)....(.
##......#......
#.....##.^....
#....## .....
#....## .....
#...## .... #..##
....


You could see an orc priest.

Vanquished Creatures
  Terence (D:3)
  Natasha (thrice) (D:2)
  3 adders
  An ufetubus (D:3)
  A worm (D:2)
  A dart slug (D:2)
  3 orcs
  3 ball pythons
  4 endoplasms
  2 goblins (D:3)
  2 hobgoblins
  3 jackals (D:2)
  4 quokkas
  A bat (D:1)
  A frilled lizard (D:2)
  3 kobolds
  4 rats
40 creatures vanquished.

Vanquished Creatures (collateral kills)
  A worm (D:2)
  An endoplasm (D:2)
  2 giant cockroaches
  2 hobgoblins
  A jackal (D:2)
  2 kobolds
  2 ball pythons (D:2)
  A bat (D:2)
  2 rats
14 creatures vanquished.

Grand Total: 54 creatures vanquished

Notes
Turn   | Place    | Note
-------+----------+-------------------------------------------
     0 | D:1      | qw the Ghoul Summoner began the quest for the Orb.
     0 | D:1      | Reached XP level 1. HP: 14/14 MP: 2/2
     0 | D:1      | 0 ||| qw: Version: 0.1-a-113-g051387a
     0 | D:1      | 0 ||| qw: Game counter: 7015
     0 | D:1      | 0 ||| qw: Always use a shield: true
     0 | D:1      | 0 ||| qw: God list: Okawaru
     0 | D:1      | 0 ||| qw: Allow faded altars: false
     0 | D:1      | 0 ||| qw: Do Orc after D:15 true
     0 | D:1      | 0 ||| qw: Do second Lair branch before Depths: true
     0 | D:1      | 0 ||| qw: Lair rune preference: random
     0 | D:1      | 0 ||| qw: Plans: Normal
     0 | D:1      | 0 ||| PLANNING D:1-11
    40 | D:1      | 40 ||| CASTING Summon Small Mammal
    41 | D:1      | 41 ||| CASTING Summon Small Mammal
    93 | D:1      | 93 ||| CASTING Summon Small Mammal
    94 | D:1      | 94 ||| CASTING Summon Small Mammal
   106 | D:1      | 106 ||| CASTING Summon Small Mammal
   291 | D:1      | 291 ||| Wielding weapon +0 spear.
   311 | D:1      | Found a faded altar of an unknown god.
   359 | D:1      | 359 ||| SWAPPING to +0 trident.
   360 | D:1      | 360 ||| CASTING Summon Small Mammal
   361 | D:1      | 361 ||| CASTING Summon Small Mammal
   384 | D:1      | 384 ||| DROPPING +0 spear.
   598 | D:1      | 598 ||| CASTING Summon Small Mammal
   599 | D:1      | 599 ||| CASTING Summon Small Mammal
   601 | D:1      | Reached skill level 1 in Axes
   624 | D:1      | 624 ||| CASTING Summon Small Mammal
   625 | D:1      | 625 ||| CASTING Summon Small Mammal
   656 | D:1      | 656 ||| CASTING Summon Small Mammal
   657 | D:1      | 657 ||| CASTING Summon Small Mammal
   660 | D:1      | Reached XP level 2. HP: 22/22 MP: 0/3
   702 | D:1      | 702 ||| CASTING Summon Small Mammal
   703 | D:1      | 703 ||| CASTING Summon Small Mammal
   704 | D:1      | 704 ||| CASTING Summon Small Mammal
   712 | D:1      | Reached skill level 1 in Fighting
  1176 | D:1      | 1176 ||| UPGRADING to +0 ring mail.
  1186 | D:1      | 1186 ||| DROPPING +0 robe.
  1187 | D:1      | 1187 ||| DROPPING +6 ring of intelligence.
  1188 | D:1      | 1188 ||| READING scroll labelled XIZUMA WUDI.
  1188 | D:1      | Identified a scroll of acquirement
  1188 | D:1      | 1188 ||| ACQUIRING +4 ring of protection
  1188 | D:1      | Acquired a +4 ring of protection
  1190 | D:1      | 1190 ||| UPGRADING to +4 ring of protection.
  1191 | D:1      | 1191 ||| READING 4 scrolls labelled EKHY LIAKKUAKK.
  1196 | D:1      | 1196 ||| DROPPING potion of magic.
  1248 | D:2      | Found a hazy altar of Hepliaklqana.
  1253 | D:2      | 1253 ||| CASTING Summon Small Mammal
  1254 | D:2      | 1254 ||| CASTING Summon Small Mammal
  1255 | D:2      | 1255 ||| CASTING Summon Small Mammal
  1343 | D:2      | 1343 ||| CASTING Summon Small Mammal
  1344 | D:2      | 1344 ||| CASTING Summon Small Mammal
  1345 | D:2      | 1345 ||| CASTING Summon Small Mammal
  1404 | D:2      | 1404 ||| Stepping ~*~*~tactically~*~*~ (hiding).
  1407 | D:2      | 1407 ||| CASTING Summon Small Mammal
  1408 | D:2      | 1408 ||| CASTING Summon Small Mammal
  1409 | D:2      | 1409 ||| CASTING Summon Small Mammal
  1416 | D:2      | Reached XP level 3. HP: 28/28 MP: 0/4
  1433 | D:2      | Noticed Natasha
  1434 | D:2      | 1434 ||| CASTING Summon Small Mammal
  1435 | D:2      | 1435 ||| CASTING Summon Small Mammal
  1438 | D:2      | Killed Natasha
  1439 | D:2      | Reached skill level 2 in Axes
  1476 | D:2      | 1476 ||| CASTING Summon Small Mammal
  1477 | D:2      | 1477 ||| CASTING Summon Small Mammal
  1478 | D:2      | 1478 ||| CASTING Summon Small Mammal
  1479 | D:2      | 1479 ||| CASTING Summon Small Mammal
  1520 | D:2      | Noticed Natasha
  1521 | D:2      | 1521 ||| CASTING Summon Small Mammal
  1522 | D:2      | 1522 ||| CASTING Summon Small Mammal
  1523 | D:2      | 1523 ||| CASTING Summon Small Mammal
  1524 | D:2      | 1524 ||| CASTING Summon Small Mammal
  1531 | D:2      | 1531 ||| CASTING Summon Small Mammal
  1531 | D:2      | HP: 5/28 [Natasha/magic dart (3)]
  1532 | D:2      | 1532 ||| READING 4 scrolls of teleportation.
  1534 | D:2      | HP: 1/28 [iron imp[Natasha] (3)]
  1853 | D:2      | 1853 ||| CASTING Summon Small Mammal
  1854 | D:2      | 1854 ||| CASTING Summon Small Mammal
  1855 | D:2      | 1855 ||| CASTING Summon Small Mammal
  1856 | D:2      | 1856 ||| CASTING Summon Small Mammal
  1863 | D:2      | 1863 ||| CASTING Summon Small Mammal
  1872 | D:2      | 1872 ||| CASTING Summon Small Mammal
  1875 | D:2      | HP: 7/28 [Natasha (1)]
  1876 | D:2      | 1876 ||| READING 3 scrolls of teleportation.
  1879 | D:2      | 1879 ||| READING 2 scrolls of teleportation.
  1882 | D:2      | 1882 ||| CASTING Summon Small Mammal
  1884 | D:2      | 1884 ||| READING scroll of teleportation.
  1892 | D:2      | 1892 ||| Stepping ~*~*~tactically~*~*~ (stealth).
  1906 | D:2      | 1906 ||| CASTING Summon Small Mammal
  1907 | D:2      | 1907 ||| CASTING Summon Small Mammal
  1974 | D:2      | 1974 ||| Stepping ~*~*~tactically~*~*~ (stealth).
  1977 | D:2      | 1977 ||| Stepping ~*~*~tactically~*~*~ (stealth).
  1978 | D:2      | 1978 ||| CASTING Summon Small Mammal
  1979 | D:2      | 1979 ||| CASTING Summon Small Mammal
  1980 | D:2      | 1980 ||| CASTING Summon Small Mammal
  1981 | D:2      | 1981 ||| CASTING Summon Small Mammal
  1985 | D:2      | Killed Natasha
  1986 | D:2      | Reached XP level 4. HP: 17/37 MP: 0/5
  1988 | D:2      | 1988 ||| CASTING Summon Small Mammal
  2155 | D:2      | 2155 ||| CASTING Summon Small Mammal
  2156 | D:2      | 2156 ||| CASTING Summon Small Mammal
  2160 | D:2      | 2160 ||| CASTING Summon Small Mammal
  2161 | D:2      | 2161 ||| CASTING Summon Small Mammal
  2172 | D:2      | 2172 ||| Stepping ~*~*~tactically~*~*~ (reaching).
  2173 | D:2      | 2173 ||| Stepping ~*~*~tactically~*~*~ (reaching).
  2174 | D:2      | 2174 ||| CASTING Summon Small Mammal
  2175 | D:2      | 2175 ||| Stepping ~*~*~tactically~*~*~ (reaching).
  2176 | D:2      | 2176 ||| CASTING Summon Small Mammal
  2177 | D:2      | 2177 ||| Stepping ~*~*~tactically~*~*~ (reaching).
  2178 | D:2      | 2178 ||| CASTING Summon Small Mammal
  2245 | D:2      | 2245 ||| CASTING Summon Small Mammal
  2246 | D:2      | 2246 ||| CASTING Summon Small Mammal
  2247 | D:2      | 2247 ||| CASTING Summon Small Mammal
  2248 | D:2      | 2248 ||| CASTING Summon Small Mammal
  2249 | D:2      | 2249 ||| CASTING Summon Small Mammal
  2313 | D:2      | Noticed Natasha
  2314 | D:2      | 2314 ||| Stepping ~*~*~tactically~*~*~ (hiding).
  2315 | D:2      | 2315 ||| Stepping ~*~*~tactically~*~*~ (hiding).
  2316 | D:2      | 2316 ||| Stepping ~*~*~tactically~*~*~ (hiding).
  2317 | D:2      | 2317 ||| Stepping ~*~*~tactically~*~*~ (hiding).
  2318 | D:2      | 2318 ||| Stepping ~*~*~tactically~*~*~ (hiding).
  2319 | D:2      | 2319 ||| Stepping ~*~*~tactically~*~*~ (hiding).
  2320 | D:2      | 2320 ||| CASTING Summon Small Mammal
  2321 | D:2      | 2321 ||| CASTING Summon Small Mammal
  2322 | D:2      | 2322 ||| CASTING Summon Small Mammal
  2323 | D:2      | 2323 ||| CASTING Summon Small Mammal
  2324 | D:2      | 2324 ||| CASTING Summon Small Mammal
  2330 | D:2      | 2330 ||| CASTING Summon Small Mammal
  2334 | D:2      | Killed Natasha
  2335 | D:2      | Reached skill level 3 in Axes
  2550 | D:2      | 2550 ||| CASTING Summon Small Mammal
  2551 | D:2      | 2551 ||| CASTING Summon Small Mammal
  2552 | D:2      | 2552 ||| CASTING Summon Small Mammal
  2553 | D:2      | 2553 ||| CASTING Summon Small Mammal
  2554 | D:2      | 2554 ||| CASTING Summon Small Mammal
  2558 | D:2      | 2558 ||| Stepping ~*~*~tactically~*~*~ (reaching).
  2559 | D:2      | 2559 ||| Stepping ~*~*~tactically~*~*~ (reaching).
  2561 | D:2      | 2561 ||| Stepping ~*~*~tactically~*~*~ (reaching).
  2562 | D:2      | 2562 ||| CASTING Summon Small Mammal
  2563 | D:2      | 2563 ||| Stepping ~*~*~tactically~*~*~ (reaching).
  2564 | D:2      | 2564 ||| Stepping ~*~*~tactically~*~*~ (reaching).
  2568 | D:2      | Reached XP level 5. HP: 42/42 MP: 0/6
  2635 | D:2      | 2635 ||| CASTING Summon Small Mammal
  2636 | D:2      | 2636 ||| CASTING Summon Small Mammal
  2637 | D:2      | 2637 ||| CASTING Summon Small Mammal
  2638 | D:2      | 2638 ||| CASTING Summon Small Mammal
  2639 | D:2      | 2639 ||| CASTING Summon Small Mammal
  2640 | D:2      | 2640 ||| CASTING Summon Small Mammal
  2678 | D:2      | 2678 ||| Stepping ~*~*~tactically~*~*~ (stealth).
  2679 | D:2      | 2679 ||| Stepping ~*~*~tactically~*~*~ (stealth).
  2680 | D:2      | 2680 ||| CASTING Summon Small Mammal
  2722 | D:2      | 2722 ||| CASTING Summon Small Mammal
  2723 | D:2      | 2723 ||| CASTING Summon Small Mammal
  2724 | D:2      | 2724 ||| CASTING Summon Small Mammal
  2754 | D:2      | 2754 ||| CASTING Summon Small Mammal
  2755 | D:2      | 2755 ||| CASTING Summon Small Mammal
  2756 | D:2      | 2756 ||| CASTING Summon Small Mammal
  2757 | D:2      | 2757 ||| CASTING Summon Small Mammal
  2800 | D:2      | 2800 ||| CASTING Summon Small Mammal
  2801 | D:2      | 2801 ||| CASTING Summon Small Mammal
  2821 | D:2      | 2821 ||| CASTING Summon Small Mammal
  2822 | D:2      | 2822 ||| CASTING Summon Small Mammal
  2823 | D:2      | 2823 ||| CASTING Summon Small Mammal
  2824 | D:2      | 2824 ||| CASTING Summon Small Mammal
  2825 | D:2      | 2825 ||| CASTING Summon Small Mammal
  2826 | D:2      | 2826 ||| CASTING Summon Small Mammal
  2985 | D:2      | 2985 ||| CASTING Summon Small Mammal
  3062 | D:2      | 3062 ||| UPGRADING to +0 pair of boots.
  3067 | D:2      | 3067 ||| DROPPING orb of guile.
  3068 | D:2      | 3068 ||| UPGRADING to ring of willpower.
  3069 | D:2      | 3069 ||| READING scroll labelled ORYUCEIVVA.
  3070 | D:2      | 3070 ||| READING scroll labelled JULOCZ EWEE.
  3071 | D:2      | 3071 ||| READING scroll labelled SEGOGESOCA.
  3203 | D:3      | 3203 ||| CASTING Summon Small Mammal
  3204 | D:3      | 3204 ||| STAIRDANCE
  3231 | D:3      | 3231 ||| CASTING Summon Small Mammal
  3232 | D:3      | 3232 ||| CASTING Summon Small Mammal
  3233 | D:3      | 3233 ||| CASTING Summon Small Mammal
  3234 | D:3      | 3234 ||| CASTING Summon Small Mammal
  3235 | D:3      | 3235 ||| CASTING Summon Small Mammal
  3236 | D:3      | 3236 ||| CASTING Summon Small Mammal
  3318 | D:3      | 3318 ||| Stepping ~*~*~tactically~*~*~ (stealth).
  3320 | D:3      | 3320 ||| CASTING Summon Small Mammal
  3321 | D:3      | 3321 ||| CASTING Summon Small Mammal
  3322 | D:3      | 3322 ||| CASTING Summon Small Mammal
  3323 | D:3      | 3323 ||| CASTING Summon Small Mammal
  3370 | D:3      | 3370 ||| Stepping ~*~*~tactically~*~*~ (stealth).
  3372 | D:3      | 3372 ||| Stepping ~*~*~tactically~*~*~ (stealth).
  3373 | D:3      | 3373 ||| CASTING Summon Small Mammal
  3419 | D:3      | 3419 ||| CASTING Summon Small Mammal
  3468 | D:3      | Noticed Terence
  3469 | D:3      | 3469 ||| Stepping ~*~*~tactically~*~*~ (stealth).
  3470 | D:3      | 3470 ||| CASTING Summon Small Mammal
  3471 | D:3      | 3471 ||| CASTING Summon Small Mammal
  3472 | D:3      | 3472 ||| CASTING Summon Small Mammal
  3490 | D:3      | Killed Terence
  3491 | D:3      | Reached skill level 4 in Axes
  3627 | D:3      | 3627 ||| Stepping ~*~*~tactically~*~*~ (stealth).
  3628 | D:3      | 3628 ||| CASTING Summon Small Mammal
  3629 | D:3      | 3629 ||| CASTING Summon Small Mammal
  3694 | D:3      | 3694 ||| SWAPPING to +0 hand axe.
  3695 | D:3      | 3695 ||| DROPPING +0 trident.
  3716 | D:3      | 3716 ||| CASTING Summon Small Mammal
  3717 | D:3      | 3717 ||| CASTING Summon Small Mammal
  3718 | D:3      | 3718 ||| CASTING Summon Small Mammal
  3719 | D:3      | 3719 ||| CASTING Summon Small Mammal
  3720 | D:3      | 3720 ||| CASTING Summon Small Mammal
  3768 | D:3      | 3768 ||| CASTING Summon Small Mammal
  3769 | D:3      | 3769 ||| CASTING Summon Small Mammal
  3770 | D:3      | 3770 ||| CASTING Summon Small Mammal
  3824 | D:3      | 3824 ||| DROPPING +0 club.
  3876 | D:3      | 3876 ||| CASTING Summon Small Mammal
  3877 | D:3      | 3877 ||| CASTING Summon Small Mammal
  3878 | D:3      | 3878 ||| CASTING Summon Small Mammal
  3879 | D:3      | 3879 ||| CASTING Summon Small Mammal
  3880 | D:3      | 3880 ||| CASTING Summon Small Mammal
  4037 | D:3      | 4037 ||| CASTING Summon Small Mammal
  4038 | D:3      | 4038 ||| CASTING Summon Small Mammal
  4039 | D:3      | 4039 ||| CASTING Summon Small Mammal
  4040 | D:3      | 4040 ||| CASTING Summon Small Mammal
  4181 | D:3      | 4181 ||| UPGRADING to +0 scale mail.
  4191 | D:3      | 4191 ||| DROPPING +0 ring mail.
  4203 | D:4      | 4203 ||| PLANNING OSSUARY
  4214 | D:4      | HP: 7/42 [something/magic dart (8)]
  4219 | D:4      | Killed from afar by an orc wizard

Levels and vault maps discovered:
D:1:      psy_arrival_wood_between_worlds, layout_loops_ring,
          ebering_ecumenical_altar_hall
D:2:      layout_rooms, basic_altar, minmay_fractal_squares_gapless_5,
          uniq_natasha
D:3:      layout_rooms, nicolae_tso_swordbearing_angel, corexii_shack,
          uniq_terence
D:4:      layout_rooms, gup_ossuary_entry_pyramid, portal_sewer_entry_d,
          minmay_misc_feat_enclosed

Skill      XL: |  1  2  3  4  5 |
---------------+----------------+-----
Axes           | 1 2 3 4 |  4.0
Fighting       | 1 2 |  2.7
Armour         | |  0.2
Dodging        | |  1.7
Stealth        | |  2.1
Spellcasting   | |  1.7
Summonings     | |  3.6

Action                   |  1- 3 |  4- 6 || total
-------------------------+-------+-------++-------
Melee: Unarmed           |     8 |       ||     8
       Trident           |    55 |   102 ||   157
       Punch             |     2 |       ||     2
       Hand axe          |       |    14 ||    14
 Cast: Summon Small Mamm |    44 |    66 ||   110
  Use: Scroll            |     6 |     3 ||     9
 Stab: Distracted        |     1 |       ||     1
       Sleeping          |       |     1 ||     1
Armor: Ring mail         |    33 |    36 ||    69
       Robe              |     2 |       ||     2
       Scale mail        |       |    13 ||    13
Dodge: Dodged            |    56 |    60 ||   116

Table legend:
 A = Non-vault XP
 B = Vault XP
 C = Vault XP percentage of total XP
 D = Non-vault monster count
 E = Vault monster count
 F = Vault count percentage of total count
                 A         B        C        D         E       F
            +---------+---------+-------+---------+---------+-------
      Total |     201 |      79 |  28.2 |      48 |       6 |  11.1
            +---------+---------+-------+---------+---------+-------
        D:1 |      12 |       0 |   0.0 |       7 |       0 |   0.0
        D:2 |     143 |      39 |  21.4 |      26 |       4 |  13.3
        D:3 |      40 |      40 |  50.0 |      13 |       2 |  13.3
        D:4 |       6 |       0 |   0.0 |       2 |       0 |   0.0
            +---------+---------+-------+---------+---------+-------
